[Event "Titled Tuesday Blitz May 9 Late 2023"]
[White "Perez Rodriguez, Jennifer"]
[Black "Prohaszka, Peter"]
[WhiteFideId "3507831"]
[BlackFideId "726265"]
[WhiteElo "2116"]
[BlackElo "2626"]
[Result "0-1"]
[Round "02"]
[TimeControl "180+2"]
[Date "2023.05.09"]
[WhiteClock "0:00:00"]
[BlackClock "0:00:08"]

1. e4 c6 2. c4 d5 3. exd5 cxd5 4. cxd5 Nf6 5. Nc3 Nxd5 6. d4 Nc6 7. Nf3 Be6 8. Bd3 g6 9. O-O Bg7 10. Re1 O-O 11. Be4 Rc8 12. Be3 Nxc3 13. bxc3 Bd5 14. Bxd5 Qxd5 15. Qb3 Qd7 16. Rad1 b6 17. Qa3 Rfe8 18. c4 Na5 19. c5 Nc4 20. Qb3 Nxe3 21. Qxe3 Qd5 22. Rc1 Qxa2 23. Ra1 Qd5 24. Rxa7 bxc5 25. dxc5 Bf6 26. Rc1 Rc6 27. h3 Rec8 28. Qf4 Rxc5 29. Rxc5 Qxc5 30. Rb7 Kg7 31. Rb8 Qc1+ 32. Qxc1 Rxc1+ 33. Kh2 Rc2 34. Kg1 Ra2 35. Rb7 h5 36. h4 e5 37. Rb4 Re2 38. Kf1 Rc2 39. Re4 Rc5 40. Re2 Ra5 41. Rc2 e4 42. Nd2 e3 43. Nc4 Ra1+ 44. Ke2 exf2 45. Kxf2 Bxh4+ 46. Kf3 Bf6 47. Ne3 Ra3 48. Ke2 Bg5 49. Nc4 Ra7 50. Rb2 Re7+ 51. Kf3 Bf6 52. Rb5 Rd7 53. Nd2 Rxd2 0-1


[Site "https://www.chess.com"]

[Event "Titled Tuesday Blitz May 9 Late 2023"]
[White "Timmermans, Mark"]
[Black "Storey, Charles H"]
[WhiteFideId "1026399"]
[BlackFideId "406686"]
[WhiteElo "2460"]
[BlackElo "2196"]
[Result "1-0"]
[Round "02"]
[TimeControl "180+2"]
[Date "2023.05.09"]
[WhiteClock "0:01:10"]
[BlackClock "0:00:05"]

1. e4 e5 2. Nf3 Nc6 3. d4 exd4 4. Nxd4 Nf6 5. Nxc6 bxc6 6. e5 Qe7 7. Qe2 Nd5 8. h4 f6 9. c4 Nb6 10. Rh3 fxe5 11. Re3 d6 12. Nc3 Be6 13. c5 Nd5 14. Rg3 Qxh4 15. Bg5 Qb4 16. Rc1 Rb8 17. Bd2 Qxb2 18. Qa6 Qb7 19. Qa4 Nxc3 20. Rgxc3 d5 21. Rb3 Qa8 22. Rxb8+ Qxb8 23. Qxc6+ Kf7 24. Bd3 e4 25. Rb1 Qd8 26. Be2 Qh4 27. Qxc7+ Be7 28. Rb7 Rc8 29. Qd6 Qh1+ 30. Bf1 Re8 31. Bg5 d4 32. Rxe7+ Rxe7 33. Qxe7+ Kg6 34. Qxe6+ Kxg5 35. Qe5+ Kh6 36. Qxe4 Qh5 37. Qxd4 Qe8+ 38. Qe3+ Qxe3+ 39. fxe3 1-0


[Site "https://www.chess.com"]

[Event "Titled Tuesday Blitz May 9 Late 2023"]
[White "Nazari, Arad"]
[Black "Przybylski, Wojciech"]
[WhiteFideId "12577324"]
[BlackFideId "1117599"]
[WhiteElo "2175"]
[BlackElo "2222"]
[Result "1-0"]
[Round "02"]
[TimeControl "180+2"]
[Date "2023.05.09"]
[WhiteClock "0:01:16"]
[BlackClock "0:00:09"]

1. e4 e5 2. f4 d5 3. exd5 exf4 4. Nf3 Nf6 5. Bb5+ c6 6. dxc6 bxc6 7. Bc4 Bd6 8. Qe2+ Qe7 9. Qxe7+ Kxe7 10. d4 h6 11. O-O Re8 12. Ne5 Nd5 13. Nxc6+ Nxc6 14. Bxd5 Bd7 15. Bxf4 Bxf4 16. Rxf4 f6 17. Nc3 Rab8 18. Re1+ Kd6 19. Rxe8 Rxe8 20. Bxc6 Bxc6 21. Kf2 h5 22. g3 Rb8 23. b3 Rd8 24. d5 Be8 25. Rd4 f5 26. Ne2 g5 27. h4 g4 28. c4 Ke5 29. Rd2 Bf7 30. Nf4 a5 31. Ke3 Re8 32. Re2 Rb8 33. Kd3+ Kd6 34. Kd4 Rc8 35. a3 Rb8 36. Rb2 Re8 37. c5+ Kd7 38. Re2 Rb8 39. Kc4 Be8 40. b4 Kc7 41. Re7+ Kd8 42. d6 Bb5+ 43. Kd5 Ba4 44. Ne6+ Kc8 45. Rc7# 1-0


[Site "https://www.chess.com"]

[Event "Titled Tuesday Blitz May 9 Late 2023"]
[White "Martin Barcelo, Carles"]
[Black "Schmakel, Sam"]
[WhiteFideId "24561444"]
[BlackFideId "2039311"]
[WhiteElo "2089"]
[BlackElo "2356"]
[Result "0-1"]
[Round "02"]
[TimeControl "180+2"]
[Date "2023.05.09"]
[WhiteClock "0:00:18"]
[BlackClock "0:01:14"]

1. e4 g6 2. Nc3 Bg7 3. h4 h5 4. d3 c5 5. Be3 d6 6. Nf3 Bg4 7. Be2 Bxf3 8. Bxf3 Nc6 9. Qd2 Nd4 10. Bd1 e6 11. Ne2 Ne7 12. c3 Nxe2 13. Bxe2 Nc6 14. g3 O-O 15. O-O Rc8 16. Rac1 Qa5 17. a3 d5 18. exd5 exd5 19. b4 Qxa3 20. Bxc5 Rfe8 21. Bf3 b6 22. b5 Ne5 23. Bxd5 Qxc5 24. c4 Qxd5 0-1


[Site "https://www.chess.com"]

[Event "Titled Tuesday Blitz May 9 Late 2023"]
[White "Bolourchifard, Farzad"]
[Black "merinasian"]
[WhiteFideId "12510084"]
[WhiteElo "2317"]
[BlackElo "2432"]
[Result "1/2-1/2"]
[Round "02"]
[TimeControl "180+2"]
[Date "2023.05.09"]
[WhiteClock "0:00:10"]
[BlackClock "0:00:21"]

1. d4 Nf6 2. Nf3 e6 3. c4 b6 4. a3 Bb7 5. Nc3 Ne4 6. Nxe4 Bxe4 7. Bf4 Be7 8. e3 O-O 9. Bd3 Bxd3 10. Qxd3 d6 11. O-O Nd7 12. b4 f5 13. h3 h6 14. Bh2 Nf6 15. Nd2 Qe8 16. e4 Nh5 17. exf5 exf5 18. Rae1 Qf7 19. d5 Bf6 20. Re6 g6 21. Rfe1 Ng7 22. R6e2 Rae8 23. Nf3 Rxe2 24. Rxe2 Re8 25. Bf4 g5 26. Bc1 f4 27. Kf1 Rxe2 28. Qxe2 Qg6 29. g3 Qb1 30. Qe1 fxg3 31. fxg3 Qd3+ 32. Qe2 Qb1 33. Qd2 Qb3 34. Qe2 Kh7 35. Kg2 Qb1 36. Qd2 Qe4 37. Qe3 Qxc4 38. Qd2 Qc3 39. Qxc3 Bxc3 40. Kf2 Kg6 41. g4 Ne8 42. Bd2 Bxd2 43. Nxd2 Nf6 44. Nb3 Nxd5 45. Nd4 Nf4 46. Kg3 a6 47. b5 axb5 48. Nxb5 Ne6 49. Kf3 Kf6 50. Ke4 Nf4 51. Nxc7 Nxh3 52. Nd5+ Ke6 53. Nxb6 Nf2+ 54. Kf3 Nd3 55. a4 Nc5 56. a5 d5 57. Ke3 Kd6 58. Nc8+ Kd7 59. Nb6+ Kc6 60. Nc8 Kb5 61. Ne7 Kxa5 62. Nxd5 Kb5 63. Ne7 Nd7 64. Ng8 Ne5 65. Nxh6 Kc5 66. Ke4 Nxg4 67. Nxg4 Kd6 68. Kf5 Kd5 69. Kxg5 1/2-1/2


[Site "https://www.chess.com"]

[Event "Titled Tuesday Blitz May 9 Late 2023"]
[White "Pein, Jonathan"]
[Black "Leiva, Gianmarco"]
[WhiteFideId "417092"]
[BlackFideId "3804399"]
[WhiteElo "2151"]
[BlackElo "2365"]
[Result "0-1"]
[Round "02"]
[TimeControl "180+2"]
[Date "2023.05.09"]
[WhiteClock "0:00:01"]
[BlackClock "0:01:08"]

1. Nf3 Nf6 2. d4 d5 3. e3 Bg4 4. Bd3 c6 5. Nbd2 Nbd7 6. b3 e6 7. Bb2 Bd6 8. h3 Bh5 9. Qe2 Qe7 10. c4 Ba3 11. Bxa3 Qxa3 12. O-O O-O 13. e4 dxe4 14. Nxe4 Nxe4 15. Bxe4 Nf6 16. Bc2 Rfd8 17. Rad1 Bxf3 18. Qxf3 Qxa2 19. Qc3 Qa6 20. Rd3 Qb6 21. Rfd1 a5 22. Rg3 c5 23. Qf3 Kf8 24. dxc5 Qxc5 25. Qxb7 Rxd1+ 26. Bxd1 Rd8 27. Bf3 g6 28. h4 Rd2 29. Kh2 Rxf2 30. Qb5 Qc7 31. c5 Rxf3 32. gxf3 Nh5 33. Qb6 Qxg3+ 34. Kh1 Nf4 35. Qd8+ Kg7 36. Qd4+ e5 37. Qg1 Qxf3+ 38. Kh2 Qh3# 0-1


[Site "https://www.chess.com"]

[Event "Titled Tuesday Blitz May 9 Late 2023"]
[White "Gritsenko, Nikolai"]
[Black "Mazurkiewicz, Michal"]
[WhiteFideId "14112493"]
[BlackFideId "1124943"]
[WhiteElo "2389"]
[BlackElo "2054"]
[Result "1/2-1/2"]
[Round "02"]
[TimeControl "180+2"]
[Date "2023.05.09"]
[WhiteClock "0:00:34"]
[BlackClock "0:00:15"]

1. e4 d6 2. Nf3 Nf6 3. Nc3 c6 4. d4 Bg4 5. Be2 e6 6. Be3 d5 7. Nd2 Bxe2 8. Qxe2 Qb6 9. Nb3 dxe4 10. d5 Qa6 11. dxe6 fxe6 12. Qxa6 Nxa6 13. O-O-O Bb4 14. Bd4 O-O-O 15. a3 Bxc3 16. Bxc3 Nd5 17. Bd2 Rhf8 18. Rhf1 Rd7 19. Nd4 Nac7 20. Rde1 e5 21. Nb3 Rdf7 22. Re2 e3 23. Bxe3 Nxe3 24. Rxe3 Rxf2 25. Rg1 R8f5 26. Nd2 Nd5 27. Rf3 R5xf3 28. Nxf3 e4 29. Nd2 e3 30. Ne4 Rf4 31. Ng3 Rf2 32. Ne4 Rf4 33. Ng3 Rf2 34. Ne4 1/2-1/2


[Site "https://www.chess.com"]

[Event "Titled Tuesday Blitz May 9 Late 2023"]
[White "Gasparyan, David"]
[Black "Papasimakopoulos, Alexandros"]
[WhiteFideId "13311980"]
[BlackFideId "4244125"]
[WhiteElo "2410"]
[BlackElo "2359"]
[Result "0-1"]
[Round "02"]
[TimeControl "180+2"]
[Date "2023.05.09"]
[WhiteClock "0:00:09"]
[BlackClock "0:00:15"]

1. d4 e6 2. c4 Nf6 3. Nf3 c5 4. e3 d5 5. Nc3 Nc6 6. cxd5 Nxd5 7. Bb5 Nxc3 8. Bxc6+ bxc6 9. bxc3 cxd4 10. cxd4 Ba6 11. Qc2 Qa5+ 12. Bd2 Qb5 13. Bc3 Bb4 14. Bxb4 Qxb4+ 15. Qd2 Qb5 16. a4 Qf5 17. Ne5 O-O 18. Nxc6 Qe4 19. Ne7+ Kh8 20. Rc1 Qxg2 21. Qa5 Qxh1+ 22. Kd2 Qb7 23. Rc7 Qb2+ 24. Rc2 Qb6 25. Qc3 Qb7 26. Qc5 Qf3 27. Ke1 Qh1+ 28. Kd2 Qf1 29. Kc3 Qd3+ 30. Kb4 Rab8+ 31. Ka5 Bb7 32. Rc4 Bd5 33. Rc3 Qd2 34. Ka6 h6 35. a5 Qe2+ 36. Kxa7 Ra8+ 37. Kb6 Rfb8+ 38. Kc7 Qxf2 39. e4 Qxh2+ 40. e5 Qb2 41. a6 Rxa6 42. Kd7 Qb7+ 43. Qc7 Ra7 44. Kd6 Ra6+ 45. Kd7 Ra7 46. Kd6 Qxc7+ 47. Rxc7 Rxc7 48. Kxc7 Rb4 49. Kd6 Rxd4 50. Kc5 Re4 51. Kd6 h5 52. Kc5 h4 53. Kd6 h3 54. Kc5 Rxe5 55. Kd6 Re4 56. Kc5 h2 57. Kd6 h1=Q 58. Kc5 Qc1+ 59. Kd6 Ba2 60. Ng6+ fxg6 61. Kd7 Rd4+ 62. Ke8 Qc8+ 63. Kf7 Rd7+ 64. Kxg6 Qe8+ 65. Kg5 Rf7 66. Kg6 Rf6+ 67. Kg5 Qg6+ 68. Kh4 Rf5 69. Kh3 Rh5# 0-1


[Site "https://www.chess.com"]

[Event "Titled Tuesday Blitz May 9 Late 2023"]
[White "Thomforde-Toates, Noah"]
[Black "Avalos Parra, Joao"]
[WhiteFideId "30951992"]
[BlackFideId "3402541"]
[WhiteElo "2705"]
[BlackElo "2173"]
[Result "1/2-1/2"]
[Round "02"]
[TimeControl "180+2"]
[Date "2023.05.09"]
[WhiteClock "0:01:34"]
[BlackClock "0:00:15"]

1. d4 d5 2. Nc3 Nf6 3. Bf4 c6 4. f3 e6 5. a3 Nbd7 6. e4 Qb6 7. Nh3 a6 8. Nf2 c5 9. dxc5 Bxc5 10. Nd3 Be3 11. Bxe3 Qxe3+ 12. Qe2 Qxe2+ 13. Bxe2 dxe4 14. fxe4 b5 15. e5 Ng8 16. Ne4 f6 17. Nd6+ Ke7 18. exf6+ gxf6 19. Nxc8+ Rxc8 20. Kd2 Nh6 21. Rae1 Rhg8 22. g3 Nf5 23. Rhf1 Nd4 24. Bd1 e5 25. c3 Ne6 26. Bb3 Ndc5 27. Nxc5 Rxc5 28. Kc1 Rd8 29. Re2 Nd4 30. Ref2 Nxb3+ 31. Kc2 Nd4+ 32. Kb1 Ne6 33. Rxf6 Rcd5 34. Rf7+ Kd6 35. Rxh7 Rf8 36. Rxf8 Nxf8 37. Kc2 e4 38. Rh4 e3 39. Re4 Rd2+ 40. Kb3 e2 41. c4 Ne6 42. Kc3 e1=Q 43. Rxe1 Rxh2 44. cxb5 axb5 45. Re4 Nc5 46. Rd4+ Kc6 47. b3 Rg2 48. Rg4 Rxg3+ 49. Rxg3 Ne4+ 50. Kb4 Nxg3 51. a4 bxa4 52. bxa4 Kb6 53. a5+ Ka6 54. Ka4 Nf5 55. Kb4 Ne7 56. Ka4 Nc6 57. Ka3 Nxa5 1/2-1/2


[Site "https://www.chess.com"]

[Event "Titled Tuesday Blitz May 9 Late 2023"]
[White "Ryan, Joseph"]
[Black "Bitoon, Richard"]
[WhiteFideId "2500426"]
[BlackFideId "5201110"]
[WhiteElo "2389"]
[BlackElo "2374"]
[Result "0-1"]
[Round "02"]
[TimeControl "180+2"]
[Date "2023.05.09"]
[WhiteClock "0:00:51"]
[BlackClock "0:00:40"]

1. d4 Nf6 2. Nf3 g6 3. Nc3 d5 4. Bf4 c5 5. e3 Bg7 6. Nb5 Na6 7. c3 O-O 8. h3 Qb6 9. Be2 Bd7 10. a4 c4 11. O-O Rae8 12. b3 Rc8 13. bxc4 dxc4 14. Qb1 Nd5 15. Qb2 Nxf4 16. exf4 Nc7 17. Rfb1 Nxb5 18. axb5 Bf5 19. Re1 Rfd8 20. Ne5 Bxe5 21. fxe5 Rd5 22. Bf3 Rxb5 23. Qd2 Kg7 24. d5 Rb2 25. Qf4 Qxf2+ 26. Kh2 a6 27. e6 fxe6 28. Qe5+ Kg8 29. dxe6 Qxf3 0-1


[Site "https://www.chess.com"]

[Event "Titled Tuesday Blitz May 9 Late 2023"]
[White "Hollan, Petr"]
[Black "Sai Krishna G V"]
[WhiteFideId "360945"]
[BlackFideId "5028280"]
[WhiteElo "2254"]
[BlackElo "2359"]
[Result "1-0"]
[Round "02"]
[TimeControl "180+2"]
[Date "2023.05.09"]
[WhiteClock "0:00:12"]
[BlackClock "0:01:14"]

1. e4 e5 2. Nf3 Nc6 3. Bb5 a6 4. Ba4 d6 5. c3 f5 6. exf5 Bxf5 7. d4 e4 8. d5 exf3 9. dxc6 b5 10. Bc2 Qe7+ 11. Be3 fxg2 12. Rg1 Be4 13. Bxe4 Qxe4 14. a4 Qxc6 15. Qh5+ g6 16. axb5 Qe4 17. Qe2 Be7 18. bxa6 Nf6 19. Qb5+ Kf7 20. Nd2 Qc2 21. Qc4+ d5 22. Qxc7 Qxb2 23. Qa5 Rhc8 24. Rxg2 Rxc3 25. Rb1 Rc1+ 26. Rxc1 Qxc1+ 27. Ke2 Qc6 28. a7 d4 29. Qa2+ Kg7 30. Bxd4 Qxg2 31. Qe6 Qg4+ 32. Qxg4 Rxa7 33. Qe6 Bd8 34. Bxa7 Nh5 35. Qe5+ Bf6 36. Qc7+ Kh6 37. Be3+ g5 38. Ne4 Kg6 39. Qd6 h6 40. Nxf6 Nxf6 41. Bd4 Kh5 42. Qxf6 g4 43. Qf4 g3 44. Qf3+ Kh4 45. Qxg3+ Kh5 46. Qh3+ Kg5 47. Be3+ Kg6 48. Qxh6+ Kf5 49. Qg5+ Ke4 50. f3# 1-0


[Site "https://www.chess.com"]

[Event "Titled Tuesday Blitz May 9 Late 2023"]
[White "Averjanov, Alexey"]
[Black "Bryant, Todd"]
[WhiteFideId "14109867"]
[BlackFideId "2031299"]
[WhiteElo "2691"]
[BlackElo "2365"]
[Result "1-0"]
[Round "02"]
[TimeControl "180+2"]
[Date "2023.05.09"]
[WhiteClock "0:01:04"]
[BlackClock "0:00:00"]

1. d4 Nf6 2. c3 g6 3. Nf3 Bg7 4. Bf4 d6 5. e3 O-O 6. Be2 Nbd7 7. h3 b6 8. a4 a5 9. Nbd2 Bb7 10. O-O Re8 11. Bh2 e5 12. dxe5 dxe5 13. Qb3 Qe7 14. Rad1 Nc5 15. Qa3 e4 16. Nd4 Rac8 17. Bb5 Red8 18. Nc6 Bxc6 19. Bxc6 Qe6 20. Bb5 Qf5 21. Nb3 Rxd1 22. Rxd1 Qh5 23. Rd2 Ne6 24. Qe7 c5 25. Qb7 Rd8 26. Qxb6 Rxd2 27. Nxd2 Qd1+ 28. Nf1 Nd5 29. Qxa5 h5 30. Qa8+ Kh7 31. Bc4 Nb6 32. Qxe4 Ng5 33. Qd3 Qxd3 34. Bxd3 Nxa4 35. b4 cxb4 36. cxb4 Nc3 37. b5 Ne6 38. b6 Nc5 39. Bc4 N3a4 40. Bc7 Kg8 41. Bd5 1-0


[Site "https://www.chess.com"]

[Event "Titled Tuesday Blitz May 9 Late 2023"]
[White "Mihajlov, Sebastian"]
[Black "Chabris, Christopher"]
[WhiteFideId "1512110"]
[BlackFideId "2005263"]
[WhiteElo "2478"]
[BlackElo "2358"]
[Result "1-0"]
[Round "02"]
[TimeControl "180+2"]
[Date "2023.05.09"]
[WhiteClock "0:00:16"]
[BlackClock "0:00:00"]

1. d4 Nf6 2. Nf3 e6 3. e3 c5 4. Bd3 Nc6 5. O-O d5 6. b3 Be7 7. Bb2 O-O 8. Nbd2 b6 9. Ne5 Nb4 10. Be2 cxd4 11. exd4 Ba6 12. c4 dxc4 13. bxc4 Bb7 14. Ndf3 Nc6 15. Rc1 Rc8 16. Qa4 Ne4 17. Rfd1 a6 18. Qb3 Na5 19. Qe3 Qe8 20. Bd3 Nf6 21. Ng5 Nc6 22. Qh3 h6 23. Nxe6 Nxe5 24. dxe5 fxe6 25. Qxe6+ Qf7 26. Qxf7+ Rxf7 27. exf6 Bxf6 28. Bg6 Rfc7 29. Bxf6 gxf6 30. Rb1 Rxc4 31. Rxb6 Rc1 32. Rb1 Rxd1+ 33. Rxd1 Bc6 34. h4 Kg7 35. h5 Rb8 36. Rd6 Bb5 37. Kh2 Rc8 38. Kg3 Rc3+ 39. f3 Re3 40. Rb6 Re2 41. Rb7+ Kg8 42. Rb8+ Kg7 43. Rb7+ Kg8 44. a3 Rb2 45. a4 Rb4 46. axb5 axb5 47. Be8 Rb2 48. Bxb5 1-0


[Site "https://www.chess.com"]

[Event "Titled Tuesday Blitz May 9 Late 2023"]
[White "Fathy, Elameir"]
[Black "Tatarinov, Dmitry"]
[WhiteFideId "10600396"]
[BlackFideId "24160067"]
[WhiteElo "2311"]
[BlackElo "2326"]
[Result "0-1"]
[Round "02"]
[TimeControl "180+2"]
[Date "2023.05.09"]
[WhiteClock "0:00:00"]
[BlackClock "0:01:34"]

1. d4 d5 2. c4 e6 3. Nf3 Nf6 4. Nc3 dxc4 5. e4 b5 6. e5 Nd5 7. Nxb5 Nb6 8. Be2 Be7 9. O-O Ba6 10. Nc3 O-O 11. Be3 Nc6 12. Qc1 Nb4 13. Rd1 Rb8 14. a3 Nd3 15. Bxd3 cxd3 16. Ne1 c5 17. dxc5 Nc4 18. Nxd3 Rb3 19. Nb4 Qc8 20. Rb1 Nxe3 21. Qxe3 Bxc5 22. Qf4 Bb7 23. Ne4 Bxb4 24. axb4 Qa8 25. Re1 Bxe4 26. Rxe4 Qb7 27. h4 h6 28. g4 Rb8 29. g5 h5 0-1


[Site "https://www.chess.com"]

[Event "Titled Tuesday Blitz May 9 Late 2023"]
[White "Ankerst, Mihael"]
[Black "Maatman, Nick"]
[WhiteFideId "14602369"]
[BlackFideId "1040391"]
[WhiteElo "2336"]
[BlackElo "2673"]
[Result "0-1"]
[Round "02"]
[TimeControl "180+2"]
[Date "2023.05.09"]
[WhiteClock "0:00:00"]
[BlackClock "0:01:11"]

1. e4 c5 2. Nf3 d6 3. d4 cxd4 4. Nxd4 Nf6 5. Nc3 Nc6 6. Bc4 e6 7. Be3 Be7 8. Bb3 O-O 9. f4 e5 10. Nf5 Bxf5 11. exf5 exf4 12. Bxf4 Qa5 13. O-O Rad8 14. Nd5 Nxd5 15. Qxd5 Qb6+ 16. Kh1 Bf6 17. c3 Ne7 18. Qd3 d5 19. Rae1 d4 20. Be5 dxc3 21. Qxc3 Nd5 22. Bxd5 Rxd5 23. Bxf6 Qxf6 24. Qxf6 gxf6 25. Re7 Rb5 26. b3 Rd8 27. Kg1 Rd2 28. Rf3 Rxa2 29. Re8+ Kg7 30. Rg3+ Kh6 31. Re4 Ra1+ 32. Kf2 Rxf5+ 33. Ke2 Ra2+ 34. Ke3 Rg5 35. Rh4+ Kg6 36. Rgh3 h5 37. g3 Rb2 38. Rb4 b5 39. Kd3 a5 40. Kc3 Rxh2 41. Rbh4 Rxh3 42. Rxh3 Rg4 43. Kd3 Kg5 0-1


[Site "https://www.chess.com"]

[Event "Titled Tuesday Blitz May 9 Late 2023"]
[White "Matinian, Nikita"]
[Black "Ward, Ieuan C"]
[WhiteFideId "24129100"]
[BlackFideId "406627"]
[WhiteElo "2422"]
[BlackElo "2312"]
[Result "1-0"]
[Round "02"]
[TimeControl "180+2"]
[Date "2023.05.09"]
[WhiteClock "0:02:46"]
[BlackClock "0:01:49"]

1. e4 e5 2. Nf3 Nc6 3. Bb5 a6 4. Ba4 Nf6 5. O-O Be7 6. d3 b5 7. Bb3 O-O 8. Nc3 d6 9. a3 Na5 10. Ba2 c5 11. Bg5 Be6 12. Bxf6 Bxf6 13. Nd5 Nc6 14. c3 Rc8 15. a4 b4 16. a5 Bxd5 17. Bxd5 bxc3 18. bxc3 Nxa5 19. Qa4 Nc6 20. Bxc6 1-0


[Site "https://www.chess.com"]

[Event "Titled Tuesday Blitz May 9 Late 2023"]
[White "Romero Ruscalleda, Josep"]
[Black "Volkov, Maksim"]
[WhiteFideId "2231859"]
[BlackFideId "54123070"]
[WhiteElo "2183"]
[BlackElo "2297"]
[Result "0-1"]
[Round "02"]
[TimeControl "180+2"]
[Date "2023.05.09"]
[WhiteClock "0:00:00"]
[BlackClock "0:00:11"]

1. e4 c5 2. c3 Nf6 3. e5 Nd5 4. Nf3 d6 5. Bc4 Nb6 6. e6 fxe6 7. Bb3 Nc6 8. O-O c4 9. Bc2 e5 10. Ng5 e6 11. Qh5+ Kd7 12. Qg4 Qe8 13. d3 cxd3 14. Bxd3 Kc7 15. Na3 a6 16. Nxh7 Nd5 17. Nxf8 Qxf8 18. Nc4 Bd7 19. Ne3 Nf6 20. Qg3 e4 21. Be2 Ne5 22. Rd1 Qe7 23. Nc4 Nxc4 24. Bxc4 Bc6 25. Rxd6 Nh5 26. Rxe6+ Nxg3 27. Rxe7+ Kd8 28. Rxg7 Nf5 29. Bg5+ Ke8 30. Rf7 Nd6 31. Re7+ Kf8 32. Bb3 Rh5 33. Re5 Kg7 34. Rd1 Ne8 35. Re7+ Kg6 36. h4 Rh7 37. Re6+ Kg7 38. Rd4 Kf8 39. Bd1 Rc8 40. Bg4 Rcc7 41. Re5 Rhf7 42. Be6 Rh7 43. h5 Rxh5 44. Bg4 Rhh7 45. Rf5+ Kg8 46. Rd8 Rhg7 47. Bh5 Kh7 48. Bxe8 Rg8 0-1


[Site "https://www.chess.com"]

[Event "Titled Tuesday Blitz May 9 Late 2023"]
[White "Seemann, Jakub"]
[Black "Harish, Neeraj"]
[WhiteFideId "21874697"]
[BlackFideId "30958130"]
[WhiteElo "2364"]
[BlackElo "1879"]
[Result "1-0"]
[Round "02"]
[TimeControl "180+2"]
[Date "2023.05.09"]
[WhiteClock "0:01:51"]
[BlackClock "0:00:14"]

1. c4 Nf6 2. Nc3 e6 3. e4 d5 4. e5 Ne4 5. cxd5 Nxc3 6. bxc3 exd5 7. d4 c5 8. Nf3 Nc6 9. Be2 Qb6 10. O-O Bg4 11. Be3 cxd4 12. Nxd4 Bxe2 13. Qxe2 Qc7 14. e6 f6 15. Qh5+ g6 16. Qxd5 Rd8 17. Qb3 Bd6 18. h3 a6 19. Rab1 b5 20. a4 bxa4 21. Qxa4 Rc8 22. Qxa6 O-O 23. Rb7 Nb8 24. Qa7 Bc5 25. Rxc7 Bxa7 26. Rxa7 Rxc3 27. Rb1 Nc6 28. Nxc6 Rxc6 29. Rbb7 Re8 30. Rg7+ Kh8 31. Rxh7+ Kg8 32. Rag7+ Kf8 33. Bh6 Rexe6 34. Rh8# 1-0


[Site "https://www.chess.com"]

[Event "Titled Tuesday Blitz May 9 Late 2023"]
[White "Koziorowicz, Michal"]
[Black "Boder, Jan"]
[WhiteFideId "21809194"]
[BlackFideId "16243226"]
[WhiteElo "2255"]
[BlackElo "2241"]
[Result "1/2-1/2"]
[Round "02"]
[TimeControl "180+2"]
[Date "2023.05.09"]
[WhiteClock "0:00:57"]
[BlackClock "0:00:11"]

1. e4 c5 2. Nf3 d6 3. Bb5+ Bd7 4. Bxd7+ Qxd7 5. O-O Nc6 6. c3 g6 7. d4 Bg7 8. Be3 Nf6 9. Nbd2 cxd4 10. Nxd4 O-O 11. h3 Rac8 12. Re1 Rfd8 13. Nxc6 bxc6 14. Bd4 Qb7 15. Qb3 Rb8 16. Rad1 Nd7 17. Qxb7 Rxb7 18. b3 a5 19. Nc4 Ra8 20. f4 a4 21. b4 Bxd4+ 22. Rxd4 c5 23. bxc5 Nxc5 24. e5 dxe5 25. Rxe5 Ne6 26. Rde4 Rc8 27. f5 gxf5 28. Rxf5 Rb1+ 29. Kh2 Rc1 30. Ne5 f6 31. Nd3 Rd1 32. Rxe6 Rxd3 33. Rxe7 Rdxc3 34. Rxf6 R8c7 35. Re4 R3c4 36. Rff4 Rxe4 37. Rxe4 a3 38. Re3 Ra7 39. Rf3 Ra4 40. Kg3 Kg7 41. Kf2 Kg6 42. Ke2 Kg5 43. Kd2 Rb4 44. Rxa3 Rb2+ 45. Ke3 Rxg2 46. Kf3 Rb2 47. Kg3 h5 48. Ra5+ Kg6 49. a3 Rc2 50. Ra4 Kg5 51. Ra5+ Kg6 52. a4 Rc3+ 53. Kg2 Rc2+ 54. Kg1 Rc1+ 55. Kf2 Rc2+ 56. Ke3 Rc3+ 57. Kf4 Rxh3 58. Ra6+ Kf7 59. a5 Ke7 60. Ke5 Kd7 61. Kd5 Kc7 62. Kc5 Kb7 63. Rb6+ Ka7 64. Rh6 h4 65. Kb5 Rb3+ 66. Kc4 Rh3 67. Kb4 Rh2 68. Rh7+ Ka6 69. Rh6+ Ka7 70. Kb5 Rb2+ 71. Ka4 Ra2+ 72. Kb4 Rb2+ 73. Kc3 Rh2 74. Kc4 Rh1 75. Kb4 Rb1+ 76. Ka4 Ra1+ 77. Kb5 Rb1+ 78. Kc6 Rc1+ 79. Kd5 Rh1 80. Ke4 Re1+ 81. Kf3 Ra1 82. Rxh4 Rxa5 83. Rh7+ Kb6 84. Ke4 Rc5 85. Kd4 Rc8 86. Rh6+ Kb5 87. Rh7 Kb4 88. Ke5 Kc5 89. Rh1 Re8+ 90. Kf6 Kd5 91. Rd1+ Kc4 92. Kf7 Re2 93. Kf6 Kc3 94. Kf5 Re8 95. Rd7 Kc4 96. Rc7+ Kd5 97. Ra7 Rf8+ 98. Kg6 Rf1 99. Ra5+ Ke4 100. Kg5 Kd4 101. Ra4+ Ke5 102. Kg4 Rg1+ 103. Kf3 Rg8 104. Ke3 Rg3+ 105. Kf2 Rg8 106. Kf3 Kd5 107. Ke3 Rg3+ 108. Kf4 Rg8 109. Ra1 Kc4 110. Ke5 Kd3 111. Ra3+ Kc4 112. Kd6 Rg6+ 113. Ke5 Rg5+ 114. Kf4 Rg8 115. Ra7 Re8 116. Kf5 Kd4 117. Ra1 Re2 118. Rd1+ Kc3 119. Kf4 Re8 120. Rd7 Kc4 121. Rc7+ Kd5 122. Ra7 Rf8+ 123. Ke3 Re8+ 124. Kd3 Rg8 125. Ra5+ Kc6 126. Ke4 Re8+ 127. Kd4 Rg8 128. Ra6+ Kb5 129. Rh6 Rg4+ 130. Kd5 Rg1 131. Rh8 Rd1+ 132. Ke4 Kc5 1/2-1/2


[Site "https://www.chess.com"]

[Event "Titled Tuesday Blitz May 9 Late 2023"]
[White "Roman, Rodrigo"]
[Black "Annaberdiyev, Meylis"]
[WhiteFideId "3701220"]
[BlackFideId "14000563"]
[WhiteElo "1995"]
[BlackElo "2416"]
[Result "0-1"]
[Round "02"]
[TimeControl "180+2"]
[Date "2023.05.09"]
[WhiteClock "0:00:02"]
[BlackClock "0:00:16"]

1. e4 c5 2. Nf3 e6 3. c4 Nc6 4. d4 cxd4 5. Nxd4 Nf6 6. Nc3 Bb4 7. Nb5 O-O 8. f3 d5 9. cxd5 exd5 10. a3 Ba5 11. b4 Bb6 12. Nxd5 Nxd5 13. exd5 Qh4+ 14. g3 Re8+ 15. Be2 Qf6 16. Ra2 Qxf3 17. Rf1 Qh5 18. Nd6 Qxh2 19. Nxe8 Bh3 20. Bf4 Bxf1 21. dxc6 Rxe8 22. cxb7 Qf2+ 23. Kd2 Bxe2 24. Kc1 Bxd1 25. Rxf2 Bxf2 26. Kxd1 Bb6 27. b8=Q Rxb8 28. Bxb8 f5 29. a4 a6 30. Ke2 Kf7 31. Be5 g5 32. Kf3 Ke6 33. Bc3 g4+ 34. Kg2 h5 35. Bd2 Kd5 36. Kf1 Kc4 37. Ke2 Bc7 38. Kf2 Bd6 39. b5 axb5 40. axb5 Kxb5 41. Be1 Kc4 42. Ke3 Be5 43. Ke2 Kd4 44. Kd2 Ke4 45. Ke2 Bd4 46. Bd2 Bc5 47. Be1 Be7 48. Bd2 h4 49. gxh4 Bxh4 50. Bb4 f4 51. Kf1 f3 52. Bd6 g3 53. Bc5 g2+ 54. Kg1 Bg5 55. Kf2 Bf6 56. Kg3 Bd4 57. Bxd4 Kxd4 58. Kxf3 g1=Q 0-1


[Site "https://www.chess.com"]

[Event "Titled Tuesday Blitz May 9 Late 2023"]
[White "Lewicki, Miroslaw"]
[Black "Leschinsky, Gary"]
[WhiteFideId "1113380"]
[BlackFideId "30951321"]
[WhiteElo "2212"]
[BlackElo "1855"]
[Result "1-0"]
[Round "02"]
[TimeControl "180+2"]
[Date "2023.05.09"]
[WhiteClock "0:00:21"]
[BlackClock "0:00:02"]

1. g3 d5 2. Bg2 Nf6 3. Nf3 Nc6 4. O-O e5 5. d4 e4 6. Ne5 Bd6 7. Nxc6 bxc6 8. c4 O-O 9. Nc3 h6 10. a3 Re8 11. c5 Bf8 12. b4 a5 13. b5 cxb5 14. Nxb5 c6 15. Nc3 Ba6 16. Re1 Rb8 17. e3 Qd7 18. Bd2 Qf5 19. h3 Rb2 20. Na4 Rb7 21. Bxa5 h5 22. Nb6 h4 23. g4 Qe6 24. Bc3 Nh7 25. f4 exf3 26. Qxf3 Rbe7 27. Bd2 Bd3 28. a4 Ng5 29. Qf2 Ne4 30. Bxe4 Bxe4 31. Qxh4 f5 32. g5 f4 33. exf4 Qf5 34. Qg4 Qf7 35. a5 g6 36. a6 Bg7 37. Bc3 Bf5 38. Qg3 Re4 39. Rxe4 dxe4 40. a7 Qc4 41. Qe3 Qb3 42. a8=Q Rxa8 43. Rxa8+ Kh7 44. Qe1 e3 45. Qh4+ 1-0


[Site "https://www.chess.com"]